 Dungeon Crawl Stone Soup version 0.28-a0-1152-g9c71ebef14 (webtiles) character file.

Game seed: 7644332866061922279

48 Crownlay the Slasher (level 3, 0/46 HPs)
             Began as a Minotaur Berserker on Dec 14, 2021.
             Was a Believer of Trog.
             Succumbed to an adder's poison
             ... on level 3 of the Dungeon.
             The game lasted 00:03:00 (1999 turns).

Crownlay the Slasher (Minotaur Berserker)           Turns: 1999, Time: 00:03:01

Health: 0/46       AC: 21    Str: 23    XL:     3   Next: 50%
Magic:  2/2        EV:  2    Int:  4    God:    Trog [**....]
Gold:   58         SH:  0    Dex:  9    Spells: 2/2 levels left

rFire   . . .      SeeInvis .   a - +0 falchion
rCold   . . .      Faith    .   (no shield)
rNeg    . . .      Spirit   .   (armour currently unavailable)
rPois   +          Reflect  .   (helmet currently unavailable)
rElec   .          Harm     .   (cloak currently unavailable)
rCorr   .          Rampage  .   (gloves currently unavailable)
Will    .....      NoTele   +   (boots currently unavailable)
Stlth   +.........              (no amulet)
HPRegen 0.15/turn               (no ring)
MPRegen 0.08/turn               (no ring)

@: lethally poisoned (0 -> -4), tree-form
A: stationary, stasis, torment immunity, boosted hp, (horns 2), (retaliatory
headbutt)
a: Renounce Religion, Berserk, Trog's Hand


You were on level 3 of the Dungeon.
You worshipped Trog.
Trog was pleased with you.
You were a tree.
You visited 1 branch of the dungeon, and saw 3 of its levels.

You collected 58 gold pieces.

Inventory:

Hand Weapons
 a - a +0 falchion (weapon)
Armour
 b - a +0 animal skin (melded)
Scrolls
 c - a scroll of blinking
 d - a scroll of amnesia
 e - a scroll of teleportation {unknown}
Potions
 f - a potion of lignification
 g - a potion of might {unknown}
 h - a potion of flight
 i - a potion of curing {unknown}


   Skills:
 - Level 3.6 Fighting
 + Level 5.5 Long Blades
 - Level 2.4 Armour
 - Level 2.1 Dodging


You had 2 spell levels left.
You didn't know any spells.
Your spell library was empty.

Dungeon Overview and Level Annotations

Branches:
Dungeon (3/15)

Altars:
Wu Jian

Shops:
D:1 [


Innate Abilities, Weirdness & Mutations

You are a tree.
Your roots penetrate the ground, keeping you stationary.
You cannot be teleported.
You are immune to unholy pain and torment.
Your maximum health is greatly increased.
Your equipment is partially melded.
((You have a pair of horns on your head.))
((You reflexively headbutt those who attack you in melee.))


Message History

You enter the shallow water.
Moving in this stuff is going to be slow.
The adder hisses angrily.
The adder bites you.
You are poisoned.
The adder poisons you! The adder closely misses you.
Your unstable footing causes you to fumble your attack.
You feel sick. The river rat bites you! The adder closely misses you.
You furiously retaliate!
You headbutt the adder, but do no damage.
A rat comes into view.
You closely miss the river rat.
You feel sick. The river rat barely misses you. The adder bites you.
You are more poisoned.
The adder poisons you! The adder bites you.
You are lethally poisoned!
The adder poisons you!
You are too injured to fight recklessly!
* * * LOW HITPOINT WARNING * * *
You feel sick.
* * * LOW HITPOINT WARNING * * *
You feel very sick.
Okay, then.
It was a potion of flight.
You feel very buoyant.
You fly up into the air.
* * * LOW HITPOINT WARNING * * *
You feel sick. The adder barely misses you. The river rat bites you.
* * * LOW HITPOINT WARNING * * *
The adder barely misses you. The adder bites you but does no damage.
It was a potion of lignification.
You turn into a tree.
Your +0 animal skin melds into your body.
Your roots penetrate the ground.
* * * LOW HITPOINT WARNING * * *
You feel sick.
The adder bites you but does no damage. x2
The adder barely misses you.
You cannot blink because you are held in place by your roots.
You slash the river rat!
The river rat is almost dead.
You die...

#≈#≈..## #≈≈≈≈..#
#w#≈...# #≈≈≈...##
#≈#...... #≈≈≈..#
#≈≈...#
######rS####
.......r♣S.#
.#########.# #.#
######.###########
..................#
######............#
###. #............#
....#+#
#...........(#
#......
+............#


You could see a worm, 2 adders and 2 river rats.

Vanquished Creatures
  3 dart slugs
  2 endoplasms (D:1)
  A giant cockroach (D:1)
  5 goblins
  6 hobgoblins
  6 jackals (D:1)
  3 kobolds
  2 quokkas (D:1)
  3 ball pythons
  A bat (D:1)
  3 frilled lizards
  2 rats (D:1)
37 creatures vanquished.

Notes
Turn   | Place    | Note
-------+----------+-------------------------------------------
     0 | D:1      | Crownlay the Minotaur Berserker began the quest for the
                  | Orb.
     0 | D:1      | Reached XP level 1. HP: 19/19 MP: 0/0
    51 | D:1      | Reached skill level 4 in Long Blades
   202 | D:1      | Found Voplaf's Antique Armour Emporium.
   206 | D:1      | Reached XP level 2. HP: 26/26 MP: 1/1
   638 | D:1      | Reached skill level 5 in Long Blades
   859 | D:1      | Reached XP level 3. HP: 31/31 MP: 2/2
  1140 | D:1      | Reached ** piety under Trog
  1286 | D:2      | Found an ornate altar of the Wu Jian Council.
  1998 | D:3      | HP: 1/46 [poisoned by an adder]
  1999 | D:3      | Succumbed to an adder's poison

Illustrated notes

Levels and vault maps discovered:
D:1:      dpeg_arrival_simpleton_c, layout_basic, serial_curves, eino_curves_01,
          eino_curves_03, serial_shops, nicolae_shop_overgrown_old_shop,
          minivault_27, hangedman_decor_peaks_small, minmay_pentomino_w2
D:2:      layout_loops_cross, basic_altar
D:3:      layout_basic, lightli_sewer_entry_pipes, basic_ecumenical_altar

Skill      XL: |  1  2 |
---------------+-------+-----
Long Blades    | 4 5 |  5.5
Fighting       | |  3.6
Armour         | |  2.4
Dodging        | |  2.1

Action                   || total
-------------------------++-------
Melee: Falchion          ||    81
       Headbutt          ||     9
  Use: Scroll            ||     2
       Potion            ||     2
 Stab: Sleeping          ||     3
Armor: Animal skin       ||    23
       Skin              ||     2
Dodge: Dodged            ||    54

Table legend: (Time is in decaauts)
 A = Elapsed time spent in this place.
 B = Non-inter-level travel time spent in this place.
 C = Inter-level travel time spent in this place.
 D = Time resting spent in this place.
 E = Time spent auto-exploring this place.
 F = Levels seen in this place.
 G = Mean time per level.
                   A        B        C        D        E       F      G
               +--------+--------+--------+--------+--------+-----+--------+
         Total |   2003 |   1925 |     78 |      0 |   1669 |   3 |  667.7 |
       Dungeon |   2003 |   1925 |     78 |      0 |   1669 |   3 |  667.7 |
               +--------+--------+--------+--------+--------+-----+--------+

Top non-repeatable levels by time:
     D:1: 1278 daAuts
     D:2: 686 daAuts
     D:3: 39 daAuts
